[Event "Early-Titled-Tuesday-Blitz-March-19-2024"]
[Site "Chess.com"]
[Date "2024.03.19"]
[Round "10"]
[White "mitrabhaa"]
[Black "TigrVShlyape"]
[Result "0-1"]
[WhiteElo "3051"]
[BlackElo "2924"]
[TimeControl "180+1"]
[EndTime "9:56:39 PDT"]
[Termination "TigrVShlyape won by resignation"]

1. c4 Nf6 2. g3 c6 3. Nf3 g6 4.
Bg2 Bg7 5. O-O O-O 6. d4 d5 7.
cxd5 cxd5 8. Ne5 e6 9. Nc3 Nfd7 10. Nxd7 Bxd7 11. b3 Nc6 12. e3 Qa5 13. Bd2 Qa3 14.
Nb5 Qe7 15. Bc1 Rfc8 16. Ba3 Nb4 17. Qd2 Bf8 18. Nc3 Qd8 19. Ne4 Rc2 20. Qd1 Rc7 21.
Nc5 a5 22. Qd2 Bb5 23. Rfc1 b6 24. Bxb4 axb4 25. Qxb4 bxc5 26. Qxb5 cxd4 27. exd4 Rxc1+ 28. Rxc1 Rxa2 29. Bf3 h5 30. Kg2 Bh6 31. Rd1 Bd2 32.
Qd3 Qa5 33. g4 h4 34. h3 Bf4 35. Be2 Kg7 36. Qf3 g5 37. Qd3 Qb4 38. Bf1 Rb2 39. Rb1 Rd2 40. Qf3 Rxd4 41. Bd3 Bd6 42. Qe3 Rf4 43. Qe2 Be7 44. Bc2 Qd4 45. Rd1 Qc3 46. Rd3 Qf6 47. Rf3 Bc5 48. Rxf4 Qxf4 49. Qf3 Qd4 50. Qe2 e5 51. Qf3 e4 52. Qf5 Qd2 53.
Bb1 Be3 54. b4 Qxb4 55. fxe3 Qb2+ 56. Kg1 Qxb1+ 57. Kg2 Qc2+ 58. Kg1 Qc1+ 59. Kf2 Qd2+ 60. Kf1 Qxe3 61. Qe5+ Kg6 62. Qd6+ f6 63. Qxd5 Qd3+ 64. Qxd3 exd3 65. Kf2 f5 66. Ke3 fxg4 67. hxg4 h3 0-1

[Event "Early-Titled-Tuesday-Blitz-March-19-2024"]
[Site "Chess.com"]
[Date "2024.03.19"]
[Round "10"]
[White "MightyGMpretender"]
[Black "Kazmin_Semyon"]
[Result "1/2-1/2"]
[WhiteElo "2793"]
[BlackElo "2573"]
[TimeControl "180+1"]
[EndTime "9:56:40 PDT"]
[Termination "Game drawn by repetition"]

1. e4 e6 2. d4 d5 3. Nc3 Bb4 4. Ne2 Nf6 5. e5 Nfd7 6. a3 Be7 7. f4 a6 8. Be3 c5 9. dxc5 Bxc5 10. Bxc5 Nxc5 11.
Nd4 Nc6 12. Be2 Bd7 13. b4 Nxd4 14. Qxd4 Na4 15. Nd1 Rc8 16. Bd3 Bb5 17. Bxb5+ axb5 18. Ne3 Rc3 19. Kd2 Qc7 20. f5 O-O 21. fxe6 fxe6 22. Rhf1 Rc8 23. Ke2 Rxc2+ 24. Nxc2 Qxc2+ 25. Ke1 Nb2 26.
Rf3 Rc4 27. Qb6 h6 28. Qxe6+ Kh7 29. Qf5+ Qxf5 30. Rxf5 Rc2 31. Kf1 Nc4 32. Kg1 Ne3 33. Rf2 Rc6 34. Re2 d4 35. h3 Re6 36. Rd2 Rxe5 37. Rxd4 Nc2 38. Rad1 Nxd4 39. Rxd4 Re3 40. Rd7 b6 41. Rd6 Rxa3 42. Rxb6 Rb3 43. Rxb5 Kg6 44. Rb6+ Kf5 45. Kh2 h5 46. Rb5+ Kg6 47. h4 Kf6 48. Rb6+ Kf5 49. g3 g6 50. Kh3 Rb2 51.
Rb5+ Kf6 52. Rb6+ Kg7 53. Rb7+ Kh6 54. Rb8 Kg7 55. b5 Kh6 56. b6 Kg7 57. Rb7+ Kh6 58. Rb8 Kg7 59. g4 Rb3+ 60. Kg2 hxg4 61. Kf2 Kh7 62.
Kg2 Kg7 63. Kf2 Kh7 64. Ke2 g3 65. Kf1 Kg7 66. Kg2 Kh7 67. Kh3 Kg7 68. Rb7+ Kh6 69.
Rb8 Kg7 70. Rb7+ Kh6 71. Kg2 Kh5 72. Kh3 Kh6 1/2-1/2

[Event "Early-Titled-Tuesday-Blitz-March-19-2024"]
[Site "Chess.com"]
[Date "2024.03.19"]
[Round "10"]
[White "fandebobbyfischer"]
[Black "kenta1234"]
[Result "1/2-1/2"]
[WhiteElo "2695"]
[BlackElo "2802"]
[TimeControl "180+1"]
[EndTime "9:56:41 PDT"]
[Termination "Game drawn by stalemate"]

1. e4 c5 2. Nf3 e6 3. d4 cxd4 4. Nxd4 Nc6 5. Nc3 Qc7 6. Be3 a6 7. Qf3 Nf6 8. O-O-O Be7 9. Be2 O-O 10. Qg3 Qxg3 11.
hxg3 d6 12. g4 Ne5 13. f3 h6 14. g5 hxg5 15. Bxg5 Re8 16. Rh2 Ng6 17. f4 e5 18.
Nf5 Bxf5 19. exf5 Nxf4 20. Rdh1 Kf8 21. Bf3 d5 22. g3 e4 23. Bd1 d4 24. Nxe4 N4d5 25. Rh8+ Ng8 26. Bf3 Rad8 27. Bd2 Ne3 28. g4 f6 29. R1h7 Kf7 30. g5 fxg5 31. Bh5+ Kf8 32.
Bg6 g4 33. Be1 Bf6 34. Bb4+ Re7 35. Nxf6 gxf6 36. Rxg8+ Kxg8 37. Bxe7 Rd7 38. Bxf6 Rxh7 39. Bxh7+ Kxh7 40. Bxd4 Nxf5 41. Bg1 Kg6 42. Kd2 Kg5 43.
c4 Kf4 44. b4 Kf3 45. Bb6 g3 46. a4 g2 47. b5 Ng3 48. bxa6 bxa6 49. Bd4 Ne4+ 50.
Ke1 Nd6 51. c5 Nf5 52. Bg1 Ke4 53. c6 Ne7 54. Kf2 Nxc6 55. Kxg2 Kd3 56. Kf3 Kc4 57. Ke4 Kb4 58. Kd5 Na5 59. Bf2 Kxa4 60. Be1 Kb5 61.
Bxa5 Kxa5 62. Kc4 Ka4 63. Kc3 Ka3 64. Kc2 Ka2 65. Kc1 a5 66. Kc2 a4 67. Kc1 a3 68. Kc2 Ka1 69. Kc1 a2 70. Kc2 1/2-1/2

[Event "Early-Titled-Tuesday-Blitz-March-19-2024"]
[Site "Chess.com"]
[Date "2024.03.19"]
[Round "10"]
[White "DonkyDonkyDonkey"]
[Black "suyu28"]
[Result "1-0"]
[WhiteElo "2984"]
[BlackElo "2850"]
[TimeControl "180+1"]
[EndTime "9:56:42 PDT"]
[Termination "DonkyDonkyDonkey won on time"]

1. e4 c6 2. Nc3 d5 3. Nf3 Bg4 4.
h3 Bxf3 5. Qxf3 e6 6. d4 dxe4 7.
Nxe4 Be7 8. c3 Nf6 9. Nxf6+ Bxf6 10. Bd3 Bg5 11. Qg3 h6 12. h4 Bf6 13. Bf4 Nd7 14.
O-O-O Nb6 15. Kb1 Nd5 16. Bd6 b5 17. Bc2 a5 18. Rde1 a4 19. Bc5 Qc7 20. Bd6 Qd7 21. Re2 O-O-O 22. Bc5 g5 23. Rhe1 Rhg8 24. Qf3 g4 25.
Qg3 Be7 26. Bxe7 Qxe7 27. Be4 Qc7 28. Bxd5 cxd5 29. Qe3 h5 30. Qd3 Qc6 31. Re5 Rh8 32.
Rg5 Kb8 33. Rg7 Rd7 34. Re5 f6 35.
Rxd7 Qxd7 36. Re2 Kb7 37. Qg6 Qe7 38. Qf5 Re8 39. Qxh5 f5 40. Qh6 b4 41. cxb4 Qxb4 42.
Qg7+ Re7 43. a3 Qxa3 44. bxa3 Rxg7 45. Rxe6 g3 46. f3 Rh7 47. Rg6 Rxh4 48. Rxg3 Rxd4 49. Rg5 f4 50. Kc2 Kc6 51. Kc3 Rc4+ 52. Kd3 Kc5 53.
Rg8 Rd4+ 54. Kc3 Rc4+ 55. Kd3 Kd6 56. Ra8 Ke5 57. Re8+ Kd6 58. Rg8 Ke5 59. Rg5+ Kd6 60. g4 fxg3 61. Rxg3 Rc1 62. Rg4 Rf1 63. Ke2 Ra1 64.
Rxa4 Ke5 65. f4+ Kf5 66. Ke3 Re1+ 67. Kd3 Rd1+ 68. Kc3 Rc1+ 69. Kd4 Rd1+ 70. Kc5 Kf6 71. Rd4 Ra1 72. a4 Kf5 73. Kxd5 Rb1 74. Kc5 1-0

[Event "Early-Titled-Tuesday-Blitz-March-19-2024"]
[Site "Chess.com"]
[Date "2024.03.19"]
[Round "10"]
[White "Binary010"]
[Black "dropstoneDP"]
[Result "1/2-1/2"]
[WhiteElo "2869"]
[BlackElo "2991"]
[TimeControl "180+1"]
[EndTime "9:56:43 PDT"]
[Termination "Game drawn - insufficient material"]

1. e4 e5 2. Nf3 Nf6 3. Nxe5 d6 4. Nd3 Nxe4 5. Nc3 Nf6 6. Nf4 d5 7. d4 c6 8. Bd3 Bd6 9. O-O O-O 10. h3 Nbd7 11.
Re1 Re8 12. Be3 Nf8 13. Qf3 Ng6 14. Nxg6 hxg6 15. Bg5 Rxe1+ 16. Rxe1 Be6 17. Bxg6 fxg6 18. Rxe6 Qd7 19. Re2 Nh7 20. Bd2 Nf8 21. Qg4 Qf5 22. Bg5 Kf7 23. Nd1 Ne6 24. Bc1 Qxg4 25. hxg4 Nxd4 26.
Rd2 Ne6 27. g3 Bc5 28. Kg2 b5 29. Rd3 a5 30. f4 a4 31. f5 Nf8 32. Rc3 Nd7 33.
Nf2 Bxf2 34. Kxf2 c5 35. Rd3 d4 36. Bf4 Rh8 37. Kg2 Nf6 38. c3 Nxg4 39. cxd4 Rh2+ 40. Kg1 c4 41. fxg6+ Kxg6 42. Rd1 Rh1+ 43. Kxh1 Nf2+ 44. Kg2 Nxd1 45. Bc1 c3 46. bxc3 Nxc3 47. a3 Kf5 48. Kf3 Ke6 49. Bb2 Nd5 50. g4 g6 51. Bc1 Nb6 52. Ke4 Nd5 53. g5 Nc3+ 54. Kd3 Nd5 55. Ke4 Kd6 56. Bb2 Nb6 57. Bc1 Ke6 58.
Bb2 Nc4 59. Bc1 Nd6+ 60. Kd3 Kd5 61. Kc3 Nf5 62. Kb4 Nxd4 63. Bb2 Nf3 64. Kxb5 Nxg5 65.
Kxa4 Kc4 66. Be5 Ne4 67. Ka5 Kd5 68. Bf4 g5 69. Bxg5 Nxg5 70. a4 Kc6 71. Kb4 Ne6 72.
Kc3 Nc7 73. Kd3 Kb6 74. Ke4 Ka5 75. Ke5 Kxa4 1/2-1/2

[Event "Early-Titled-Tuesday-Blitz-March-19-2024"]
[Site "Chess.com"]
[Date "2024.03.19"]
[Round "10"]
[White "Alexei_Gubajdullin"]
[Black "malakismayil"]
[Result "1-0"]
[WhiteElo "2661"]
[BlackElo "2532"]
[TimeControl "180+1"]
[EndTime "9:56:44 PDT"]
[Termination "Alexei_Gubajdullin won on time"]

1. Nf3 Nf6 2. g3 d5 3. Bg2 e6 4.
O-O Be7 5. d3 O-O 6. Nbd2 c5 7.
e4 b6 8. Qe2 Bb7 9. e5 Nfd7 10.
Re1 Nc6 11. Nf1 Qc7 12. Bf4 Rac8 13. h4 Rfe8 14. h5 h6 15. N1h2 d4 16. Ng4 Bf8 17. Qd2 Ne7 18. Nf6+ Kh8 19. Nxe8 Rxe8 20. Nh4 Bxg2 21.
Kxg2 Nd5 22. Qe2 b5 23. Kh2 Qd8 24. Ng2 Qc7 25. a4 a6 26. axb5 axb5 27. Bd2 c4 28. Nf4 c3 29. bxc3 dxc3 30. Nxd5 exd5 31. Bf4 Qc6 32. Qg4 Nc5 33. Ra7 Kg8 34. Qf5 Qe6 35. Qxe6 Nxe6 36. Rb1 Nd4 37. Rc1 Rd8 38. Kg2 b4 39.
Be3 Nc6 40. Rb7 Nxe5 41. Ra1 d4 42. Bf4 Nd7 43. Raa7 Nc5 44. Rxf7 b3 45. cxb3 Nxd3 46. Rfc7 Nb4 47. Be5 Nd5 48. Rc4 d3 49. Rd4 d2 50.
Ra1 Bc5 51. Rc4 Bb4 52. Rd1 Rd7 53. Kf1 Kf7 54. f4 Ke6 55. Ke2 Rb7 56. Kd3 Ba5 57.
Rf1 Rxb3 58. Ke4 Rb4 59. f5+ Kd7 60. Rxb4 Bxb4 61. Kd3 Ba5 62. Rh1 1-0

[Event "Early-Titled-Tuesday-Blitz-March-19-2024"]
[Site "Chess.com"]
[Date "2024.03.19"]
[Round "10"]
[White "wonderfultime"]
[Black "scarabee43"]
[Result "0-1"]
[WhiteElo "3053"]
[BlackElo "2864"]
[TimeControl "180+1"]
[EndTime "9:56:46 PDT"]
[Termination "scarabee43 won by resignation"]

1. d4 Nf6 2. Nf3 d5 3. Bf4 c5 4.
c3 e6 5. e3 Bd6 6. Nbd2 Bxf4 7. exf4 cxd4 8. Nxd4 O-O 9. Bd3 Nc6 10. N2f3 Qd6 11.
Qd2 Nxd4 12. Nxd4 e5 13. fxe5 Qxe5+ 14. Qe2 Qg5 15. O-O Bh3 16. Qf3 Bg4 17. h4 Qxh4 18. Qf4 Qh5 19. Rfe1 Rfe8 20. Qc7 Bd7 21. Qxb7 Reb8 22.
Qc7 Rxb2 23. Nf3 Bg4 24. Re5 Qh6 25. Ng5 Rf8 26. Rae1 Bh5 27. Qc5 Bg6 28. Bf1 Nd7 29. Qxa7 Nxe5 30. Rxe5 Rb1 31. Qe3 Qh4 32. Nf3 Qf6 33.
Rxd5 Ra1 34. Nd2 Rxa2 35. g3 Qe6 36. Qd4 Qe1 37. Nf3 Qb1 38. Nd2 Qc1 39. Kg2 Qa3 40. Bc4 Rxd2 41. Qxd2 Be4+ 42. Kh2 Bxd5 43. Bxd5 Qe7 44. c4 g6 45. Qd4 Rc8 46. Qf4 Kg7 47. Kg2 h5 48. Qd4+ Qf6 49. Qa7 Re8 50. Qd7 Re2 51. Qa7 Re7 52. Qc5 h4 53. gxh4 Qxh4 54. Qd6 Qg4+ 55. Kf1 Qh3+ 56. Bg2 Qe6 57. Qd4+ Kg8 58.
Bd5 Qe2+ 59. Kg1 Re5 60. Qf4 Rf5 61. Qg3 Qd2 62. Kf1 Qc1+ 63. Ke2 Qc2+ 64. Kf1 Kg7 65. Qe3 Qd1+ 66. Kg2 Qa1 67. Be4 Re5 68. Qf4 Qd4 69. f3 Re6 70. Qc1 Qc5 71. Qc3+ Qe5 72. Qc2 Rd6 73.
Bd5 Qf4 74. Kf2 Qh2+ 0-1

[Event "Early-Titled-Tuesday-Blitz-March-19-2024"]
[Site "Chess.com"]
[Date "2024.03.19"]
[Round "10"]
[White "Rodalquilar"]
[Black "Ural_bogatyr"]
[Result "1/2-1/2"]
[WhiteElo "2787"]
[BlackElo "2629"]
[TimeControl "180+1"]
[EndTime "9:56:47 PDT"]
[Termination "Game drawn - insufficient material"]

1. d4 Nf6 2. Nf3 d5 3. Bf4 c5 4. e3 Nc6 5. Nbd2 Nh5 6. Be5 e6 7.
c3 f6 8. Bg3 Nxg3 9. hxg3 a6 10. Bd3 f5 11. Nh4 Qf6 12. Qh5+ Qf7 13. Ng6 hxg6 14. Qxh8 e5 15. dxe5 Nxe5 16. Be2 Be6 17.
Qh4 Be7 18. Qa4+ Bd7 19. Rh8+ Bf8 20. Qa5 Bc6 21. Qxc5 O-O-O 22. Qa7 Kc7 23. Bxa6 Bc5 24. Qxc5 Rxh8 25. Bf1 Ng4 26. f3 Ne5 27. O-O-O g5 28. Qd4 Nd7 29. Nb3 Ra8 30. Kb1 Qe7 31. Bd3 g6 32. g4 fxg4 33. fxg4 Qe6 34. Rf1 b6 35. Rf3 Ne5 36. Rh3 Qe7 37. Rh6 Ra4 38. Rh7 Qxh7 39.
Qxe5+ Kb7 40. a3 Ra8 41. Qxg5 Re8 42. Bxg6 Qe7 43. Qf4 Qxe3 44. Qxe3 Rxe3 45. Nd4 Bd7 46. Bf5 Kc7 47. Bxd7 Kxd7 48. Kc2 Rg3 49. Kb3 Rxg2 50. a4 Rxg4 51. Kb4 Kc7 52. Kb5 Kb7 53. b4 Rg3 54. Ne2 Re3 55. Nf4 Re5 56. Nd3 Rh5 57. a5 bxa5 58. Nc5+ Ka7 59. Kxa5 Rh3 60. Na4 Rd3 61. Kb5 Rd1 62. Kc5 Ka6 63. Nb6 d4 64. b5+ Ka5 65. Nc4+ Ka4 66. cxd4 Rc1 67. b6 Kb3 68. b7 Rxc4+ 69.
Kb6 Rxd4 70. b8=Q Rb4+ 71. Kc7 Rxb8 72. Kxb8 1/2-1/2

[Event "Early-Titled-Tuesday-Blitz-March-19-2024"]
[Site "Chess.com"]
[Date "2024.03.19"]
[Round "10"]
[White "awesomevishesh"]
[Black "Byniolus"]
[Result "0-1"]
[WhiteElo "2612"]
[BlackElo "2785"]
[TimeControl "180+1"]
[EndTime "9:56:47 PDT"]
[Termination "Byniolus won by checkmate"]

1. d4 d5 2. Nf3 Bf5 3. g3 e6 4. Bg2 Nf6 5. O-O Be7 6. c4 c6 7. Nc3 Nbd7 8. Nd2 O-O 9. e4 dxe4 10. Ndxe4 Nxe4 11. Nxe4 Nf6 12. Nc3 Qa5 13. h3 Rad8 14. Be3 b5 15. cxb5 cxb5 16. a3 h6 17. Qb3 a6 18.
Rfd1 Rd7 19. g4 Bg6 20. d5 e5 21. Rac1 Rfd8 22. Na2 Be4 23. Bxe4 Nxe4 24. Nb4 Bxb4 25.
axb4 Qa4 26. Qxa4 bxa4 27. Bb6 Rb8 28. Rc6 Nf6 29. d6 Ne8 30. Bc5 Ra8 31. Ra1 Rad8 32.
Rxa6 Nxd6 33. Rd1 Nc4 34. Rxd7 Rxd7 35. Rxa4 Nxb2 36. Ra8+ Kh7 37. b5 Rd1+ 38. Kg2 Nd3 39. Be3 Rb1 40. b6 Nf4+ 41. Kg3 Nd5 42. Rd8 Nxe3 43. fxe3 Rxb6 44. Rd7 Kg6 45. h4 h5 46. gxh5+ Kf6 47. Kg4 Rb4+ 48. Kg3 Re4 49. Kf3 Rxh4 50. Rd6+ Kf5 51. Rd7 Ke6 52. Ra7 Rxh5 53. Ra6+ Kf5 54. e4+ Kg5 55. Ra7 Kg6 56. Ra6+ f6 57. Ra1 Rh3+ 58.
Kg4 Re3 59. Ra4 Rxe4+ 60. Rxe4 f5+ 61. Kf3 fxe4+ 62. Kxe4 Kf6 63. Ke3 Kf5 64. Kf3 e4+ 65.
Ke3 Ke5 66. Ke2 Kf4 67. Kf2 e3+ 68. Ke2 Ke4 69. Ke1 Kf3 70. Kf1 g5 71. Ke1 g4 72.
Kf1 g3 73. Ke1 g2 74. Kd1 g1=Q+ 75. Kc2 e2 76. Kc3 e1=Q+ 77. Kb3 Qb6+ 78. Ka2 Qea5# 0-1

[Event "Early-Titled-Tuesday-Blitz-March-19-2024"]
[Site "Chess.com"]
[Date "2024.03.19"]
[Round "10"]
[White "balack95"]
[Black "KnightmareJoker"]
[Result "1-0"]
[WhiteElo "2462"]
[BlackElo "2300"]
[TimeControl "180+1"]
[EndTime "9:56:48 PDT"]
[Termination "balack95 won on time"]

1. d4 d5 2. c4 e6 3. Nc3 Nf6 4. cxd5 exd5 5. Bg5 Be7 6. e3 c6 7. Bd3 O-O 8. Qc2 Nbd7 9. Nge2 Re8 10. O-O Nf8 11. f3 Be6 12. Rad1 Ng6 13. Kh1 Nh5 14. Bxe7 Qxe7 15. f4 Bg4 16. f5 Nh4 17. f6 Nxf6 18. e4 dxe4 19. Bc4 e3 20. Rde1 b5 21. Bd3 b4 22. Nd1 Qd7 23. Rxf6 gxf6 24. Bxh7+ Kh8 25. Bd3 Bh3 26. Nf4 e2 27. Rxe2 Bg4 28. Rxe8+ Rxe8 29. Qf2 Nf5 30. Be2 Bxe2 31. Nxe2 Qe6 32. Ng1 Qe4 33.
Qd2 Qe1 34. Qd3 Ne3 35. Nxe3 Rxe3 36. Qf5 Re6 37. Qh5+ Kg8 38. Qg4+ Kf8 39. h4 Re4 40. Qc8+ Kg7 41. Kh2 Qxh4+ 42. Nh3 Qg4 43. Qxc6 Rxd4 44. Qb7 Rd2 45. b3 Rxa2 46. Qd5 Qg6 47.
Nf4 Qh6+ 48. Nh3 Rb2 49. Qc4 Qd2 50. Qe4 Qe2 51. Qd5 Qd2 52. Qe4 a5 53. Nf4 Qf2 54. Qf5 Qh4+ 55. Nh3 Rc2 56. Qxc2 a4 57. bxa4 Qg4 58.
Qb3 f5 59. Ng1 f4 60. Nf3 Qg3+ 61. Kg1 Qg6 62. Qxb4 Qd6 63. Qxd6 1-0

[Event "Early-Titled-Tuesday-Blitz-March-19-2024"]
[Site "Chess.com"]
[Date "2024.03.19"]
[Round "10"]
[White "Sina_Movahed"]
[Black "FairChess_on_YouTube"]
[Result "1/2-1/2"]
[WhiteElo "3096"]
[BlackElo "3140"]
[TimeControl "180+1"]
[EndTime "9:56:51 PDT"]
[Termination "Game drawn by repetition"]

1. Nf3 Nf6 2. c4 c6 3. g3 g6 4. b3 Bg7 5. Bb2 O-O 6. Bg2 d5 7.
O-O Bg4 8. d4 Bxf3 9. Bxf3 e6 10. Nd2 Nbd7 11. e3 a6 12. b4 b5 13. cxd5 cxd5 14. Nb3 Nb6 15. Nc5 Nfd7 16. Rb1 Nc4 17. Bc3 Ndb6 18. a4 Nxa4 19. Nxa4 bxa4 20. Qxa4 Qb6 21. Rfc1 Rfc8 22. Be1 Qb5 23. Ra1 Bf8 24.
Be2 h5 25. h4 Be7 26. Ra2 Rab8 27. Rb1 Rb6 28. Qd1 Rcb8 29. Bd3 Qc6 30. Rba1 Bxb4 31. Bxb4 Rxb4 32. Rxa6 R4b6 33. Rxb6 Rxb6 34. Qf3 Kg7 35. Ra7 Nd6 36. Qf4 Rb3 37. Qe5+ Kh7 38. Qxh5+ Kg7 39. Bxg6 Rb7 40. Rxb7 Qxb7 41. Qh7+ Kf8 42. Bd3 Qb3 43.
Kg2 Qd1 44. h5 f5 45. h6 Qxd3 46. Qg7+ Ke8 47. h7 Nf7 48. h8=Q+ Nxh8 49. Qxh8+ Kf7 50. Qe5 Qc2 51. Qf4 Qc6 52. g4 Qc2 53. gxf5 exf5 54.
Qe5 Qe4+ 55. Qxe4 fxe4 56. Kg3 Kg7 57. f3 exf3 58. Kxf3 Kf7 59. Ke2 Ke8 60. Kd3 Kd7 61.
Kc3 Kc7 62. Kb4 Kb6 63. Ka4 Ka6 64. Kb4 Kb6 65. Kc3 Kc7 66. Kd3 Kd7 67. Ke2 Ke6 68. Kf2 Kf6 69. Kg3 Kg5 70. Kf3 Kf5 71. Ke2 Ke6 72. Kd3 Kd7 1/2-1/2

[Event "Early-Titled-Tuesday-Blitz-March-19-2024"]
[Site "Chess.com"]
[Date "2024.03.19"]
[Round "10"]
[White "chess123456s"]
[Black "LeRoidesChampions"]
[Result "1/2-1/2"]
[WhiteElo "2550"]
[BlackElo "2648"]
[TimeControl "180+1"]
[EndTime "9:57:06 PDT"]
[Termination "Game drawn - insufficient material"]

1. d4 Nf6 2. Nc3 g6 3. Bf4 d5 4.
e3 Bg7 5. h4 O-O 6. h5 c5 7.
hxg6 hxg6 8. dxc5 Nc6 9. Nf3 Bg4 10. Be2 Qa5 11. Nd2 Bxe2 12. Qxe2 d4 13. Nb3 Qd8 14. O-O-O dxc3 15. Rxd8 cxb2+ 16. Kb1 Rfxd8 17. Bh6 Bh8 18. e4 a5 19. a4 Nd4 20. Qc4 Nxe4 21.
Be3 Nxb3 22. cxb3 Nc3+ 23. Kxb2 Nd5+ 24. Ka3 Bf6 25. Bd4 e5 26. Bc3 Nxc3 27. Qxc3 Rac8 28. Qxa5 Be7 29. Rc1 Rd5 30. b4 Rd3+ 31. Kb2 e4 32. Qb6 Kg7 33. Qxb7 Bf6+ 34. Ka2 Rd2+ 35. Kb3 Rd3+ 36.
Kc4 Rd4+ 37. Kb5 Re8 38. a5 Rd2 39. a6 Rxf2 40. a7 Ra2 41. c6 e3 42. c7 Re5+ 43.
Kc6 Re6+ 44. Kd7 Rd2+ 45. Qd5 Rxd5+ 46. Kc8 Re8+ 47. Kb7 Rb5+ 48. Ka6 Rxb4 49. c8=Q Rxc8 50. Rxc8 Ra4+ 51. Kb7 e2 52. Re8 Bd4 53. a8=Q Rxa8 54.
Kxa8 Kf6 55. Rxe2 Kf5 56. Kb7 Kg4 57. Kc6 f5 58. Kd5 Bg7 59. Ke6 f4 60. Rc2 Bd4 61.
Kd5 Be3 62. Ke4 g5 63. Rc6 Kg3 64. Rg6 g4 65. Kf5 Kxg2 66. Rxg4+ Kf2 67. Ke4 f3 68. Rg8 Ke2 69. Rg3 f2 70. Rxe3+ Kd2 71. Rf3 Ke2 72.
Re3+ Kd2 73. Rf3 Ke2 74. Rf4 f1=Q 75. Rxf1 Kxf1 1/2-1/2

[Event "Early-Titled-Tuesday-Blitz-March-19-2024"]
[Site "Chess.com"]
[Date "2024.03.19"]
[Round "10"]
[White "AlessiaSanteramo"]
[Black "Lady_Nika"]
[Result "1-0"]
[WhiteElo "2311"]
[BlackElo "2557"]
[TimeControl "180+1"]
[EndTime "9:57:10 PDT"]
[Termination "AlessiaSanteramo won by checkmate"]

1. e4 e6 2. d4 d5 3. Nc3 Nf6 4. Bg5 Be7 5. e5 Nfd7 6. h4 h6 7. Bxe7 Qxe7 8. Qd2 a6 9. Nce2 c5 10. c3 Nc6 11. O-O-O b5 12. f4 Bb7 13. g4 O-O-O 14. f5 Kb8 15. Nf3 Ka7 16. Bh3 Rb8 17. g5 Nb6 18. fxe6 fxe6 19. gxh6 Rxh6 20. Nf4 Rf8 21. Ng5 Nc4 22. Qh2 cxd4 23. Nfxe6 Rfh8 24. Nxd4 N6xe5 25. Nf5 Qc5 26. Nxh6 Rxh6 27. Ne6 Qe3+ 28. Kb1 Rxh4 29. Qg1 Nf3 30. Qxe3+ Nxe3 31. Rd3 d4 32. cxd4 Ng4 33.
Bg2 Ngh2 34. d5 Ne5 35. Rd2 Nc4 36. Rd3 Rh6 37. Nc5 Ba8 38. b3 Nd6 39. Kb2 Ng4 40.
Rxh6 gxh6 41. Rg3 h5 42. Bf3 Kb6 43. Bxg4 hxg4 44. Nd7+ Kc7 45. Nf6 Nf5 46. Rxg4 Kd6 47. Rg5 Ke5 48. Rg8 Bxd5 49. Nxd5 Kxd5 50. Ra8 Kc5 51. Rxa6 Nd4 52. Rf6 Ne2 53. Rh6 Ng3 54.
Rh8 Ne4 55. Rc8+ Kb6 56. Rh8 Nc5 57. Rh6+ Kb7 58. Ka3 Nd3 59. Rd6 Nc1 60. Kb2 Ne2 61. Ka3 Nc1 62. Kb4 Nxa2+ 63. Kxb5 Nc3+ 64. Kc4 Ne4 65. Re6 Nd2+ 66. Kb4 Nf3 67. Re7+ Kc6 68. Rf7 Ne5 69. Rf6+ Kb7 70. Rf5 Nd3+ 71. Ka5 Nb2 72.
b4 Nc4+ 73. Ka4 Kb6 74. Rf6+ Kb7 75. Kb5 Ne3 76. Rf7+ Kc8 77. Ka6 Nc4 78. b5 Nd6 79. Rh7 Kb8 80. b6 Ne4 81. Rh8# 1-0

[Event "Early-Titled-Tuesday-Blitz-March-19-2024"]
[Site "Chess.com"]
[Date "2024.03.19"]
[Round "10"]
[White "Vse_po_kaify"]
[Black "PepeCuenca"]
[Result "1/2-1/2"]
[WhiteElo "2495"]
[BlackElo "2729"]
[TimeControl "180+1"]
[EndTime "9:57:23 PDT"]
[Termination "Game drawn by repetition"]

1. e4 c5 2. c4 Nc6 3. Nc3 g6 4. g3 Bg7 5. Bg2 d6 6. Nge2 e6 7. O-O Nge7 8. d3 O-O 9. f4 Rb8 10. h3 a6 11. Be3 Nd4 12. Qd2 b5 13. Rab1 b4 14. Nd1 Nxe2+ 15. Qxe2 f5 16. g4 Qd7 17. exf5 gxf5 18. g5 Bb7 19. h4 Nc6 20. h5 Nd4 21. Qf2 Bc6 22. h6 Bh8 23. Kh2 Bxg2 24. Qxg2 Qf7 25. Qh3 Qg6 26. Bxd4 Bxd4 27. Ne3 Kh8 28.
Ng2 Rbe8 29. Qf3 e5 30. Nh4 Qe6 31. Rbe1 e4 32. Qh5 Rg8 33. b3 a5 34. Kh3 a4 35.
dxe4 fxe4+ 36. f5 Qd7 37. g6 hxg6 38. Nxg6+ Kh7 39. Rf4 e3 40. Rg4 axb3 41. axb3 Qf7 42. Re2 d5 43. cxd5 Qxd5 44. Nf8+ Rexf8 45. Rg7+ Kh8 46. Reg2 Qxf5+ 47. Qxf5 Rxf5 48. Rxg8+ Kh7 49. Re8 Kxh6 50.
Rg4 Rh5+ 51. Kg3 Rf5 52. Rge4 Rg5+ 53. Kf4 Rg6 54. Kf5 Rg5+ 55. Ke6 Rg6+ 56. Kd5 Kg5 57. Rf8 Kh5 58. Kc4 Kg5 59. Kd3 Rg7 60. Ke2 Rg6 61. Rf3 Kh6 62. Re7 Rg2+ 63. Kd3 Rd2+ 64. Kc4 Rf2 65. Rh3+ Kg5 66. Rh1 Kf4 67. Rhh7 Kf3 68.
Rhf7+ Ke2 69. Rxf2+ Kxf2 70. Kd3 Ke1 71. Rh7 Kf2 72.
Rf7+ Kg3 73. Rf8 Kg4 74. Rf7 Kg5 75. Rf8 Kg6 76. Rf3 Kg7 77. Rf1 Kg6 78. Rf3 Kg5 79. Rf8 Kg4 80. Rf7 Kg3 81. Rf8 Kg2 82. Rf7 Kg3 1/2-1/2

[Event "Early-Titled-Tuesday-Blitz-March-19-2024"]
[Site "Chess.com"]
[Date "2024.03.19"]
[Round "10"]
[White "bubeliang"]
[Black "bescmelasti"]
[Result "1/2-1/2"]
[WhiteElo "2800"]
[BlackElo "2675"]
[TimeControl "180+1"]
[EndTime "9:57:54 PDT"]
[Termination "Game drawn - insufficient material"]

1. d4 d5 2. Nc3 Nf6 3. Bf4 c5 4. e4 Nxe4 5. Nxe4 dxe4 6. dxc5 Qa5+ 7. c3 Qxc5 8. Qa4+ Nc6 9. Qxe4 g6 10. Nf3 Bg7 11.
Qe3 Qxe3+ 12. Bxe3 Be6 13. Be2 O-O 14. O-O Rfd8 15.
a3 Na5 16. Rad1 Bc4 17. Bxc4 Nxc4 18. Bd4 Bxd4 19. cxd4 Nxb2 20. Rb1 Nc4 21. Rxb7 Nxa3 22. Ra1 Nc2 23. Raxa7 Rxa7 24. Rxa7 Nxd4 25. Nxd4 Rxd4 26. g3 e6 27. Kg2 g5 28. h3 Kg7 29. Ra5 Kg6 30.
Ra8 Rb4 31. Rg8+ Kf6 32. Rh8 Kg7 33. Ra8 h6 34. Ra5 Kf6 35. Ra6 Kg6 36. Ra8 Kg7 37.
Ra6 h5 38. Ra5 f6 39. Ra6 e5 40. Ra7+ Kg6 41. Re7 Kf5 42. Rh7 Kg6 43. Re7 Rd4 44.
Re8 Ra4 45. Rg8+ Kh6 46. Rh8+ Kg6 47. Rg8+ Kh7 48. Rf8 Kg7 49. Rb8 Ra2 50. Rb4 Kg6 51. g4 h4 52. Kg1 Kf7 53. Rb7+ Ke6 54. Rb6+ Kf7 55. Rb7+ Kg6 56. Rb4 Rd2 57. Kg2 Kf7 58. Rb7+ Ke6 59. Kg1 e4 60. Rb6+ Ke5 61. Rb5+ Rd5 62. Rb6 Rd1+ 63. Kg2 Rd5 64. Kg1 f5 65. gxf5 Kxf5 66. Rb8 Rd2 67. Rf8+ Ke5 68. Rg8 Kf4 69. Kg2 e3 70. Rf8+ Ke4 71. Re8+ Kf4 72. Rxe3 Rd5 73.
Rf3+ Ke4 74. Rf8 Rf5 75. Ra8 Ke5 76. Ra6 Rf6 77. Ra5+ Kf4 78. Rb5 Rf5 79. Rb4+ Ke5 80. Rb6 Rf6 81. Rb5+ Kf4 82. Kf1 Rf5 83. Rb4+ Ke5 84.
Ke2 Rf4 85. Rb5+ Kf6 86. Ke3 Rf5 87. Rb6+ Kg7 88. Rc6 Kf7 89. f3 Kg7 90. Rc3 Re5+ 91. Kf2 Kf6 92. Rc4 Kf5 93. Rc8 Ra5 94. Rf8+ Kg6 95.
f4 Ra3 96. Rg8+ Kf5 97. Rxg5+ Kxf4 98. Rg4+ Kf5 99. Rxh4 Kg5 100. Rg4+ Kh5 101. Rg8 Rxh3 102. Rh8+ Kg4 103. Rxh3 Kxh3 1/2-1/2

[Event "Early-Titled-Tuesday-Blitz-March-19-2024"]
[Site "Chess.com"]
[Date "2024.03.19"]
[Round "10"]
[White "Willhaven3"]
[Black "LeoWin2012"]
[Result "1/2-1/2"]
[WhiteElo "2519"]
[BlackElo "2247"]
[TimeControl "180+1"]
[EndTime "9:58:04 PDT"]
[Termination "Game drawn - insufficient material"]

1. e4 e5 2. f4 exf4 3. Nf3 Be7 4.
Bc4 Nf6 5. Nc3 c6 6. d4 d5 7. exd5 cxd5 8. Bb5+ Bd7 9. Bxd7+ Nbxd7 10. Bxf4 O-O 11. O-O h6 12. Qd3 Nb6 13. Ne5 Rc8 14.
Rf3 Nc4 15. b3 Nxe5 16. Bxe5 Ng4 17. Bg3 Bb4 18. Ne2 Rc6 19. Raf1 Qc8 20. c3 Bd6 21. Bxd6 Rxd6 22. Nf4 Nf6 23. c4 dxc4 24. bxc4 Rfd8 25.
d5 Nd7 26. Qf5 Qxc4 27. Nh5 Nf6 28. Rg3 Qd4+ 29. Kh1 Nxh5 30. Qxf7+ Kh8 31. Qxh5 Qxd5 32. Qg4 Qd4 33. Qh5 Qd1 34. Rf3 Rf6 35. h3 Rxf3 36.
Qxf3 Qxf3 37. Rxf3 Rd2 38. Rb3 b6 39. Ra3 a5 40.
Rb3 Rxa2 41. Rxb6 Ra1+ 42. Kh2 a4 43. Ra6 Kg8 44. h4 a3 45. Kh3 Kf7 46. Kg4 Ke7 47. g3 Kf7 48. Kh5 Kf8 49. g4 a2 50. Kg6 Rg1 51. Ra8+ Ke7 52. Ra7+ Ke6 53. Rxa2 Rxg4+ 54. Kh5 Rg1 55. Ra7 Kf6 56. Ra6+ Kf7 57. Ra7+ Kg8 58. Rb7 Kh7 59. Ra7 Kh8 60. Ra8+ Kh7 61. Ra7 Re1 62. Kg4 Re6 63. Kf5 Rf6+ 64. Kg4 Kg6 65.
h5+ Kh7 66. Rb7 Kg8 67. Rc7 Kf8 68. Rc8+ Kf7 69. Rc7+ Kf8 70. Rc5 Rd6 71. Rc7 Kg8 72.
Re7 Rf6 73. Re5 Kf8 74. Ra5 Rb6 75. Ra8+ Kf7 76. Ra7+ Kf6 77. Rc7 Rb4+ 78. Kh3 Rb3+ 79. Kg4 Rb4+ 80. Kg3 Kg5 81. Rxg7+ Kxh5 82. Kh3 Rb3+ 83.
Kh2 Kh4 84. Rc7 Rb2+ 85. Kg1 h5 86. Rc4+ Kg3 87. Rc3+ Kf4 88. Rc4+ Kf3 89. Rh4 Rb5 90. Rc4 Rg5+ 91. Kh1 Re5 92. Rc3+ Re3 93. Rxe3+ Kxe3 94. Kh2 Kf4 95. Kh3 Kg5 96. Kg3 h4+ 97. Kh3 Kh5 98. Kh2 Kg4 99. Kg2 h3+ 100. Kh2 Kh4 101. Kh1 Kg3 102.
Kg1 Kg4 103. Kh2 Kh4 104. Kh1 Kg3 105. Kg1 Kf3 106. Kh2 Kg4 107. Kh1 Kf4 108. Kg1 Kg3 109. Kh1 Kf2 110. Kh2 Kf3 111. Kxh3 1/2-1/2